 Dungeon Crawl Stone Soup version 0.31-a0-152-g6aa68a64a1 (webtiles) character file.

Game seed: 14162664354214417055

108 qw the Shooter (level 4, -10/42 HPs)
             Began as a Naga Hunter on June 10, 2023.
             Killed by divine providence
             ... invoked by an orc priest
              (16 damage)
             ... on level 3 of the Dungeon.
             The game lasted 00:00:41 (1948 turns).

qw the Shooter (Naga Hunter)                        Turns: 1948, Time: 00:00:41

Health: -10/42     AC:  6    Str: 13    XL:     4   Next: 87%
Magic:  4/4        EV:  7    Int:  9    God:
Gold:   135        SH:  0    Dex: 17    Spells: 3/3 levels left

rFire   . . .        Y - +0 shortbow
rCold   . . .        (shield currently unavailable)
rNeg    . . .        c - +0 leather armour
rPois   +            (no helmet)
rElec   .            (no cloak)
rCorr   .            (no gloves)
SInv    +            f - +0 barding
Will    .....        (no amulet)
Stlth   ++           (no ring)
HPRegen 0.27/turn    (no ring)
MPRegen 0.09/turn

%: no passive effects
@: short of breath, very slow
A: AC +1, large, see invisible, deformed body, poison resistance, slowness 2,
spit poison 1, naga tail 1
a: Spit Poison


You were on level 3 of the Dungeon.
You visited 1 branch of the dungeon, and saw 3 of its levels.

You collected 135 gold pieces.


Innate Abilities, Weirdness & Mutations

Your serpentine skin is tough. (AC +1)
You have supernaturally acute eyesight. (SInv)
Armour fits poorly on your strangely shaped body.
Your system is resistant to poisons. (rPois)
You cover ground very slowly.
You can spit poison.
You have a snake-like lower body.


   Skills:
 - Level 3.0 Fighting
 - Level 5.0 Ranged Weapons
 + Level 0.1 Armour
 - Level 1.5 Dodging
 - Level 1.5 Stealth


You had 3 spell levels left.
You didn't know any spells.
Your spell library was empty.

Inventory:

Hand Weapons
 Y - a +0 shortbow (weapon)
Armour
 c - a +0 leather armour (worn)
 f - a +0 barding (worn)
Scrolls
 b - a scroll of identify {unknown}
 i - a scroll of noise {unknown}
Potions
 a - a potion of mutation {unknown}
 d - 2 potions of curing
 e - a potion of magic {unknown}
 g - a potion of haste
 h - a potion of heal wounds {unknown}

Dungeon Overview and Level Annotations

Branches:
Dungeon (3/15)

Altars:


Message History

You shoot an arrow. The arrow barely misses the orc.
The orc priest hits you but does no damage.
The orc hits you with a +0 flail.
You shoot an arrow. The arrow hits the orc.
The orc is heavily wounded.
The orc priest begins to cast a cantrip, but forgets the words!
You shoot an arrow.
The arrow hits the orc but does no damage.
The orc is heavily wounded.
You have got your breath back.
The orc hits you but does no damage.
The orc priest invokes the aid of Beogh against you.
Beogh smites you!
1946 ||| INVOKING Spit Poison.
Aiming: Spit Poison (1% risk of failure)
Press: ? - help, Shift-Dir - straight line, f/p - orc The splash of poison hits the orc but does no damage.
The orc is poisoned.
The orc is moderately wounded.
The orc wizard hits you with a +1 dagger of freezing.
The orc wizard freezes you.
The orc priest hits you from afar with a +0 trident.
The orc closely misses you.
You shoot an arrow.
The arrow hits the orc but does no damage.
The orc is moderately wounded.
The orc wizard hits you with a +1 dagger of freezing.
The orc wizard freezes you.
The orc priest invokes the aid of Beogh against you.
Beogh smites you! The orc hits you with a +0 flail.
The orc hits you but does no damage.
The orc priest hits you but does no damage.
The orc wizard hits you with a +1 dagger of freezing.
The orc wizard freezes you.
You shoot an arrow. The arrow completely misses the orc.
The orc wizard hits you but does no damage.
The orc barely misses you.
The orc priest mumbles some strange prayers to Beogh against you.
Beogh smites you!
You die...

# ###.##
########.....#
ooo..o.o.....#
#######o###
#.....@o..# #
#.#.....#.# .#
#.......#..#
#.......#..#
###
#.......#..#
..##
#..#.......#
...
#..####.#.##
..#
#...)...<#.#
..#
###..###)#.#


You could see an orc priest, an orc wizard and an orc (poisoned).

Vanquished Creatures
  5 adders
  2 worms (D:2)
  2 dart slugs
  4 orcs (D:3)
  5 bats
  4 endoplasms
  7 hobgoblins
  7 kobolds
  2 quokkas
  6 ball pythons
  A frilled lizard (D:1)
  6 rats
51 creatures vanquished.

Notes
Turn   | Place    | Note
-------+----------+-------------------------------------------
     0 | D:1      | qw the Naga Hunter began the quest for the Orb.
     0 | D:1      | Reached XP level 1. HP: 19/19 MP: 1/1
     0 | D:1      | 0 ||| qw: Version: 0.2-a-122-gbc61b45
     0 | D:1      | 0 ||| qw: Game counter: 3530
     0 | D:1      | 0 ||| qw: Always use a shield: true
     0 | D:1      | 0 ||| qw: God list: Okawaru
     0 | D:1      | 0 ||| qw: Allow faded altars: false
     0 | D:1      | 0 ||| qw: Do Orc after D:15 true
     0 | D:1      | 0 ||| qw: Do second Lair branch before Depths: true
     0 | D:1      | 0 ||| qw: Lair rune preference: random
     0 | D:1      | 0 ||| qw: Plans: Normal
     0 | D:1      | 0 ||| PLANNING D:1-11
    69 | D:1      | 69 ||| INVOKING Spit Poison.
   107 | D:1      | 107 ||| INVOKING Spit Poison.
   204 | D:1      | 204 ||| INVOKING Spit Poison.
   214 | D:1      | Reached skill level 4 in Ranged Weapons
   214 | D:1      | Reached XP level 2. HP: 26/26 MP: 2/2
   217 | D:1      | 217 ||| INVOKING Spit Poison.
   220 | D:1      | 220 ||| INVOKING Spit Poison.
   388 | D:1      | 388 ||| INVOKING Spit Poison.
   514 | D:1      | 514 ||| INVOKING Spit Poison.
   601 | D:1      | 601 ||| INVOKING Spit Poison.
   698 | D:1      | 698 ||| INVOKING Spit Poison.
   708 | D:1      | 708 ||| UPGRADING to +0 barding.
   713 | D:1      | 713 ||| INVOKING Spit Poison.
   730 | D:1      | 730 ||| INVOKING Spit Poison.
   905 | D:1      | 905 ||| READING scroll labelled FUDEVUGG ZAUSOFY.
   906 | D:1      | 906 ||| DRINKING 2 black potions.
   907 | D:1      | 907 ||| DRINKING 2 cyan potions.
   908 | D:1      | 908 ||| DROPPING scroll of butterflies.
   972 | D:2      | 972 ||| INVOKING Spit Poison.
   978 | D:2      | 978 ||| INVOKING Spit Poison.
   981 | D:2      | Reached XP level 3. HP: 32/32 MP: 3/3
   986 | D:2      | 986 ||| INVOKING Spit Poison.
   992 | D:2      | 992 ||| INVOKING Spit Poison.
   998 | D:2      | 998 ||| INVOKING Spit Poison.
  1005 | D:2      | 1005 ||| INVOKING Spit Poison.
  1079 | D:2      | 1079 ||| INVOKING Spit Poison.
  1135 | D:2      | 1135 ||| INVOKING Spit Poison.
  1204 | D:2      | 1204 ||| INVOKING Spit Poison.
  1210 | D:2      | 1210 ||| INVOKING Spit Poison.
  1213 | D:2      | 1213 ||| INVOKING Spit Poison.
  1215 | D:2      | Reached skill level 5 in Ranged Weapons
  1215 | D:2      | Reached XP level 4. HP: 39/39 MP: 4/4
  1219 | D:2      | 1219 ||| INVOKING Spit Poison.
  1238 | D:2      | 1238 ||| INVOKING Spit Poison.
  1367 | D:2      | 1367 ||| INVOKING Spit Poison.
  1542 | D:2      | 1542 ||| INVOKING Spit Poison.
  1548 | D:2      | 1548 ||| INVOKING Spit Poison.
  1648 | D:2      | 1648 ||| INVOKING Spit Poison.
  1649 | D:2      | 1649 ||| INVOKING Spit Poison.
  1650 | D:2      | 1650 ||| INVOKING Spit Poison.
  1668 | D:2      | 1668 ||| READING scroll labelled OBESEA AKKIF.
  1757 | D:3      | 1757 ||| FLEEEEING.
  1762 | D:3      | 1762 ||| FLEEEEING.
  1763 | D:3      | 1763 ||| FLEEEEING.
  1764 | D:3      | 1764 ||| FLEEEEING.
  1793 | D:3      | 1793 ||| INVOKING Spit Poison.
  1797 | D:3      | 1797 ||| INVOKING Spit Poison.
  1848 | D:3      | 1848 ||| INVOKING Spit Poison.
  1867 | D:3      | 1867 ||| INVOKING Spit Poison.
  1891 | D:3      | 1891 ||| INVOKING Spit Poison.
  1914 | D:3      | 1914 ||| INVOKING Spit Poison.
  1919 | D:3      | 1919 ||| INVOKING Spit Poison.
  1920 | D:3      | Reached skill level 3 in Fighting
  1936 | D:3      | 1936 ||| INVOKING Spit Poison.
  1937 | D:3      | 1937 ||| Stepping ~*~*~tactically~*~*~ (outnumbered).
  1939 | D:3      | 1939 ||| Stepping ~*~*~tactically~*~*~ (outnumbered).
  1940 | D:3      | 1940 ||| INVOKING Spit Poison.
  1946 | D:3      | 1946 ||| INVOKING Spit Poison.
  1947 | D:3      | HP: 10/42 [orc priest/divine providence (8)]
  1948 | D:3      | Killed from afar by an orc priest

Levels and vault maps discovered:
D:1:      saegor_arrival_fortress, layout_basic, glass_columns_c
D:2:      layout_loops_ring, serial_aquarium, aquarium_bridge_long_joined
          [aquarium_subvault_bridge, aquarium_subvault_window,
          aquarium_subvault_wall, aquarium_subvault_wall,
          aquarium_subvault_bridge, aquarium_subvault_wall],
          aquarium_bridge_straight [aquarium_subvault_bridge,
          aquarium_subvault_balcony, aquarium_subvault_bridge,
          aquarium_subvault_balcony], aquarium_window_2, aquarium_window_2,
          aquarium_window_2, aquarium_window_2, aquarium_view_2a,
          aquarium_view_2d
D:3:      layout_basic, nicolae_qazlal_style_of_elements,
          nicolae_underground_beach

Skill      XL: |  1  2  3  4 |
---------------+-------------+-----
Ranged Weapons | 4 5 |  5.0
Fighting       | 3 |  3.0
Armour         | |  0.1
Dodging        | |  1.5
Stealth        | |  1.5

Action                     |  1- 3 |  4- 6 || total
---------------------------+-------+-------++-------
   Fire: Shortbow          |    65 |    49 ||   114
Ability: Spit Poison       |    22 |    16 ||    38
    Use: Potion            |     2 |       ||     2
         Scroll            |     1 |     1 ||     2
 Armour: Leather armour    |     8 |    14 ||    22
  Dodge: Dodged            |    15 |     6 ||    21

Table legend:
 A = Non-vault XP
 B = Vault XP
 C = Vault XP percentage of total XP
 D = Non-vault monster count
 E = Vault monster count
 F = Vault count percentage of total count
                 A         B        C        D         E       F
            +---------+---------+-------+---------+---------+-------
      Total |     155 |       0 |   0.0 |      51 |       0 |   0.0
            +---------+---------+-------+---------+---------+-------
        D:1 |      27 |       0 |   0.0 |      17 |       0 |   0.0
        D:2 |      91 |       0 |   0.0 |      24 |       0 |   0.0
        D:3 |      37 |       0 |   0.0 |      10 |       0 |   0.0
            +---------+---------+-------+---------+---------+-------
